 Dungeon Crawl Stone Soup version 0.24.0-125-gc4c63601f3 (webtiles) character file.

Game seed: 1002711837241786092, levelgen mode: deterministic

105 Davosk the Chopper (level 4, 32/41 HPs)
             Began as a Minotaur Berserker on Mar 6, 2020.
             Was a Believer of Trog.
             Quit the game on level 2 of the Dungeon on Mar 9, 2020.
             The game lasted 00:04:02 (595 turns).

Davosk the Chopper (Minotaur Berserker)              Turns: 595, Time: 00:04:02

Health: 32/41      AC:  8    Str: 23    XL:     4   Next: 53%
Magic:  3/3        EV: 11    Int:  4    God:    Trog [**....]
Gold:   69         SH:  0    Dex:  9    Spells: 3/3 levels left

rFire    . . .     SeeInvis .   a - +0 hand axe
rCold    . . .     Gourm    .   (no shield)
rNeg     . . .     Faith    .   k - +0 scale mail
rPois    .         Spirit   .   (helmet restricted)
rElec    .         Reflect  .   f - +0 cloak
rCorr    .         Harm     .   (no gloves)
MR       .....                  (no boots)
Stlth    ..........             (no amulet)
HPRegen  0.13/turn              (no ring)
MPRegen  0.08/turn              (no ring)

@: berserk cooldown
A: retaliatory headbutt, horns 2
a: Berserk, Trog's Hand, Renounce Religion


You were on level 2 of the Dungeon.
You worshipped Trog.
Trog was pleased with you.
You were not hungry.

You visited 1 branch of the dungeon, and saw 2 of its levels.

You collected 69 gold pieces.

Inventory:

Hand Weapons
 a - a +0 hand axe (weapon)
Missiles
 c - 81 stones (quivered)
Armour
 b - a +0 animal skin
 f - a +0 cloak (worn)
 h - a +0 ring mail
 k - a +0 scale mail (worn)
Scrolls
 g - a scroll of random uselessness {unknown}
 l - a scroll of identify {unknown}
Potions
 i - a potion of heal wounds {unknown}
 j - a potion of curing {unknown}
Comestibles
 d - 7 chunks of flesh
 e - 2 rations


   Skills:
 + Level 4.4 Fighting
 + Level 4.9 Axes
 + Level 0.5 Throwing
 + Level 3.4 Armour
 + Level 2.7 Dodging


You had 3 spell levels left.
You didn't know any spells.
Your spell library was empty.

Dungeon Overview and Level Annotations

Branches:
Dungeon (2/15)

Altars:


Innate Abilities, Weirdness & Mutations

You reflexively headbutt those who attack you in melee.
You have a pair of horns on your head.


Message History

You closely miss the adder. The adder closely misses you.
The ooze closely misses you. The adder bites you but does no damage.
The ooze hits you but does no damage. The adder barely misses you.
You slash the ooze!
You kill the ooze!
Trog accepts your kill.
You hit the adder. The adder barely misses you.
You hit the adder.
You kill the adder!
Trog accepts your kill.
No target in view!
You feel yourself speed up.
You now have 62 gold pieces (gained 11).
You now have 69 gold pieces (gained 7).
You open the door.
A hobgoblin comes into view. It is wielding a +0 club.
The hobgoblin shouts!
Quiver which item? (- for none, * to show all) (? for menu, Esc to quit)
Okay, then.
Are you sure you want to abandon this character and quit the game? (Confirm with "yes".)

#.#.# ##.# #...#
###.#### ###...#
##.#..... #...#.#
##..#.###. #.#.#.+
##.))).# #.
.#.#.###.#
###+####....#.# #.
.........# ##
#.....#...).#.# #.
##...###.#
##..#.....#...)##.#
#. #...# #.#
#...'@..[.'...###.#
#. #...#
#.##..g.#..[..#..##
#.# #. #...#
#.#.... #.....#.##
#.# #. #...# #.#...
###+##### .# #...#
#.+.. #...# #.#.
##...# #.# .....#
#.# ##.#.###.##


You could see a hobgoblin.

Vanquished Creatures
  2 adders (D:2)
  4 gnolls (D:2)
  An ooze (D:2)
  2 dart slugs (D:1)
  A leopard gecko (D:1)
  5 bats (D:1)
  A giant cockroach (D:1)
  5 goblins (D:1)
  5 hobgoblins (D:1)
  6 kobolds
  A ball python (D:1)
  5 frilled lizards
  2 rats (D:1)
40 creatures vanquished.

Notes
Turn   | Place    | Note
-------+----------+-------------------------------------------
     0 | D:1      | Davosk the Minotaur Berserker began the quest for the Orb.
     0 | D:1      | Reached XP level 1. HP: 19/19 MP: 0/0
    27 | D:1      | Reached XP level 2. HP: 22/27 MP: 1/1
   240 | D:1      | Reached XP level 3. HP: 22/33 MP: 2/2
   507 | D:2      | Reached ** piety under Trog
   563 | D:2      | Reached XP level 4. HP: 41/41 MP: 3/3
   595 | D:2      | Quit the game

Levels and vault maps discovered:
D:1:      tarquinn_simple_flora_water_e, layout_rooms
D:2:      layout_basic, lemuel_doored_altar, nemelex_xobeh_ov_fountains_minmay,
          minmay_quadrilaterals

Skill      XL: |  1  2 |
---------------+-------+-----
Axes           | 4 |  4.9
Fighting       | 4 |  4.4
Armour         | 3 |  3.4
Throwing       | |  0.5
Dodging        | |  2.7

Action                   |  1- 3 |  4- 6 || total
-------------------------+-------+-------++-------
Melee: Hand axe          |    65 |     4 ||    69
       Headbutt          |     7 |     1 ||     8
Throw: Stone             |    21 |       ||    21
Invok: Berserk           |     1 |       ||     1
Armor: Animal skin       |     5 |       ||     5
       Ring mail         |    25 |       ||    25
       Scale mail        |     4 |     5 ||     9
Dodge: Dodged            |    48 |     7 ||    55
